 Dungeon Crawl Stone Soup version 0.29.0-4-gdea44cf6ec (webtiles) character file.

Game seed: 11618940408355074258

14852 qw the Cleaver (level 12, -9/70 HPs)
             Began as a Tengu Warper on Aug 28, 2022.
             Was a High Priest of Okawaru.
             Mangled by a death yak (12 damage)
             ... on level 2 of the Lair of Beasts.
             The game lasted 00:01:32 (8549 turns).

qw the Cleaver (Tengu Warper)                       Turns: 8549, Time: 00:01:32

Health: -9/70      AC: 16    Str: 12    XL:     12   Next: 20%
Magic:  16/20      EV: 10    Int: 15    God:    Okawaru [*****.]
Gold:   697        SH: 11    Dex: 25    Spells: 15/15 levels left

rFire   . . .      SeeInvis .   f - +6 hand axe "Yvaff" {speed, rC+ Dex+4}
rCold   + . .      Faith    .   e - +3 buckler of True Grit {rPois Regen+ Str-4 Int+2}
rNeg    . . .      Spirit   .   a - +0 plate armour
rPois   +          Reflect  .   (helmet restricted)
rElec   .          Harm     .   (no cloak)
rCorr   .          Rampage  .   m - +0 pair of gloves
Will    +....                   (boots unavailable)
Stlth   ..........              d - amulet of regeneration
HPRegen 1.81/turn               n - ring of willpower
MPRegen 0.17/turn               c - +6 ring of dexterity

@: about to teleport, heroic, finesse-ful, flying quickly and evasively, quick
A: beak, talons 3, nimble flight
a: Renounce Religion, Heroism, Finesse, Duel


You were on level 2 of the Lair of Beasts.
You worshipped Okawaru.
Okawaru was extremely pleased with you.
You visited 2 branches of the dungeon, and saw 10 of its levels.

You collected 697 gold pieces.


Innate Abilities, Weirdness & Mutations

You have a beak for a mouth.
You have claws for feet.
Your magical nature lets you fly swiftly and evasively.


   Skills:
 - Level 6.0(11.0) Fighting
 - Level 13.5(18.5) Axes
 - Level 3.0(8.0) Throwing
 - Level 7.0(12.0) Armour
 - Level 5.9(10.9) Dodging
 + Level 3.6(8.6) Shields
 - Level 2.0 Spellcasting
 - Level 2.4 Translocations
 + Level 9.6 Invocations


You had 15 spell levels left.
You didn't know any spells.
Your spell library contained the following spells:

 Spells                   Type           Power      Damage    Failure   Level
 Blink                    Tloc           16%        N/A       100%        2
 Gell's Gravitas          Tloc           8%         N/A       100%        3
 Lesser Beckoning         Tloc           8%         N/A       100%        3
 Teleport Other           Tloc           8%         N/A       100%        3
 Manifold Assault         Tloc           8%         N/A       100%        5

Inventory:

Hand Weapons
 f - the +6 hand axe "Yvaff" (weapon) {speed, rC+ Dex+4}
   (You found it on level 2 of the Dungeon)

   Attacks with this weapon are significantly faster.
   Dex:       It affects your dexterity (+4).
   rC:        It protects you from cold.
 t - a +1 hand axe of flaming
Missiles
 q - 5 boomerangs (quivered)
Armour
 a - a +0 plate armour (worn)
 e - the +3 buckler of True Grit (worn) {rPois Regen+ Str-4 Int+2}
   (Okawaru gifted it to you on level 1 of the Lair of Beasts)

   Str:       It affects your strength (-4).
   Int:       It affects your intelligence (+2).
   rPois:     It protects you from poison.
   Regen:     It increases your rate of health regeneration.
 m - a +0 pair of gloves (worn)
Jewellery
 c - a +6 ring of dexterity (right hand)
 d - an amulet of regeneration (around neck)
 n - a ring of willpower (left hand)
 u - a ring of protection from cold
Scrolls
 o - a scroll of identify
Potions
 b - 2 potions of magic
 g - 7 potions of curing
 h - a potion of resistance
 i - a potion of haste
 j - a potion of mutation
 r - a potion of berserk rage {unknown}
 s - a potion of degeneration {unknown}

Dungeon Overview and Level Annotations

Branches:
Dungeon (8/15)             Temple (0/1) D:6            Lair (2/5) D:8
 Shoals (0/4) Lair:2
  Snake: Lair:2-3    Spider: Lair:2-3

Altars:
Hepliaklqana
Makhleb
Okawaru
Xom
Yredelemnul

Annotations:
D:6 3 runed translucent doors, qw's ghost, novice TeWr


Message History

You barely miss the death yak. You hit the death yak but do no damage.
You claw the death yak.
The death yak is moderately wounded.
You hit the death yak but do no damage. You hit the death yak.
You claw the death yak, but do no damage.
Your peck misses the death yak.
The death yak is heavily wounded.
You hit the death yak. You slash the death yak!
You peck the death yak, but do no damage.
The death yak is heavily wounded.
You hit the death yak but do no damage. The death yak gores you!!
The death yak gores you!
You barely miss the death yak.
You claw the death yak, but do no damage.
You peck the death yak.
The death yak is severely wounded.
You hit the death yak. You completely miss the death yak.
You claw the death yak.
You peck the death yak, but do no damage.
The death yak is severely wounded.
You barely miss the death yak. You hit the death yak but do no damage.
You claw the death yak, but do no damage.
Your peck misses the death yak.
The death yak is severely wounded.
You hit the death yak but do no damage. You slash the death yak!
Your kick misses the death yak.
The death yak is severely wounded.
You barely miss the death yak. You hit the death yak.
The death yak is almost dead.
You hit the death yak but do no damage. The death yak gores you! x2
8549 ||| READING scroll of teleportation.
As you read the scroll of teleportation, it crumbles to dust.
You feel strangely unstable. You block the death yak's attack.
The death yak gores you!
You die...

. ##.#.## .# #P.##(#
############.## #......
#...........#.######P..#.
#.#..........#......<....
######.....#.#...#.###........
##.#..#..###..P....#######.#.##
###.#......P#.........##~~####..#
............b...@#...##~~~~##P.##
..##..........P.YYY#.##~~~~###.P#
..##.......#..........#~~~~~#P.##
.####P......P........###~~~~##.##
.# #..................##~~~~#..#
.# P...........#.......##~~~....
.# #......P......P.(((.. ##.).#.#
.## #................).. #.....P
..###........P.##. #...>..


You could see 3 death yaks.

Vanquished Creatures
  Gastronok (D:8)
  A hydra (D:7)
  A two-headed ogre (D:8)
  2 death yaks (Lair:2)
  A merfolk siren (Lair:2)
  4 cane toads (Lair:1)
  2 rime drakes (Lair:1)
  2 komodo dragons
  2 polar bears (Lair:1)
  Grinder (D:3)
  4 blink frogs (Lair:1)
  3 yaks (Lair:1)
  3 wyverns
  2 basilisks (Lair:2)
  A steam dragon (D:5)
  9 water moccasins
  3 orc warriors
  3 ice beasts (D:6)
  3 black bears (D:8)
  3 sky beasts
  19 wolves (Lair:1)
  2 ogres (D:4)
  A centaur (D:8)
  5 kobold brigands
  A gnoll sergeant (D:8)
  5 bullfrogs
  5 scorpions
  6 wights
  2 howler monkeys (D:8)
  A hound (D:6)
  4 jellies
  5 orc priests
  A gnoll bouda (D:3)
  5 iguanas
  Natasha (thrice) (D:2)
  6 orc wizards
  Robin (D:4)
  14 gnolls
  9 adders
  A white imp (D:5)
  4 dart slugs
  43 orcs
  3 bats
  8 endoplasms
  7 giant cockroaches
  18 hobgoblins
  3 jackals (D:5)
  4 quokkas
  9 ball pythons
  3 frilled lizards
  25 goblins
  30 kobolds
  2 rats (D:1)
306 creatures vanquished.

Vanquished Creatures (others)
  15 fungi
  23 plants
38 creatures vanquished.

Grand Total: 344 creatures vanquished

Notes
Turn   | Place    | Note
-------+----------+-------------------------------------------
     0 | D:1      | qw the Tengu Warper began the quest for the Orb.
     0 | D:1      | Reached XP level 1. HP: 12/12 MP: 4/4
     0 | D:1      | 0 ||| qw: Version: 0.1-a-89-g26bdef1
     0 | D:1      | 0 ||| qw: Game counter: 1746
     0 | D:1      | 0 ||| qw: Always use a shield: true
     0 | D:1      | 0 ||| qw: God list: Okawaru
     0 | D:1      | 0 ||| qw: Allow faded altars: false
     0 | D:1      | 0 ||| qw: Do Orc after D:15 true
     0 | D:1      | 0 ||| qw: Do second Lair branch before Depths: true
     0 | D:1      | 0 ||| qw: Lair rune preference: random
     0 | D:1      | 0 ||| qw: Plans: Normal
     0 | D:1      | 0 ||| PLANNING D:1-11
   101 | D:1      | 101 ||| Stepping ~*~*~tactically~*~*~ (stealth).
   109 | D:1      | Reached XP level 2. HP: 17/17 MP: 6/6
   109 | D:1      | 109 ||| Stepping ~*~*~tactically~*~*~ (stealth).
   112 | D:1      | Reached skill level 3 in Axes
   265 | D:1      | 265 ||| Stepping ~*~*~tactically~*~*~ (stealth).
   538 | D:1      | Reached XP level 3. HP: 21/21 MP: 7/7
   623 | D:1      | Reached skill level 4 in Axes
   631 | D:1      | 631 ||| Stepping ~*~*~tactically~*~*~ (stealth).
   632 | D:1      | 632 ||| DROPPING +0 club.
   839 | D:1      | 839 ||| UPGRADING to amulet of regeneration.
   844 | D:1      | 844 ||| READING scroll labelled SUNOIH GIUHOS.
   845 | D:1      | 845 ||| READING scroll labelled OBAMOATI YLO.
   855 | D:1      | 855 ||| DRINKING 2 lumpy golden potions.
   890 | D:1      | 890 ||| DROPPING scroll of blinking.
   891 | D:1      | 891 ||| DROPPING potion of lignification.
  1002 | D:2      | 1002 ||| Stepping ~*~*~tactically~*~*~ (stealth).
  1061 | D:2      | Found a faded altar of an unknown god.
  1105 | D:2      | Reached XP level 4. HP: 26/26 MP: 8/8
  1138 | D:2      | Identified the +6 hand axe "Yvaff" {speed, rC+ Dex+4}
  1140 | D:2      | 1140 ||| SWAPPING to +6 hand axe "Yvaff" {speed, rC+
                  | Dex+4}.
  1141 | D:2      | 1141 ||| DROPPING +0 hand axe.
  1219 | D:2      | Noticed Natasha
  1220 | D:2      | 1220 ||| Stepping ~*~*~tactically~*~*~ (hiding).
  1349 | D:2      | Killed Natasha
  1350 | D:2      | Reached skill level 5 in Axes
  1362 | D:2      | 1362 ||| Stepping ~*~*~tactically~*~*~ (stealth).
  1487 | D:2      | Noticed Natasha
  1495 | D:2      | HP: 4/26 [Natasha (6)]
  1496 | D:2      | Killed Natasha
  1497 | D:2      | Gained mutation: Your magical nature lets you fly swiftly
                  | and evasively. [Tengu growth]
  1497 | D:2      | Reached XP level 5. HP: 6/30 MP: 9/9
  1621 | D:2      | Noticed Natasha
  1622 | D:2      | 1622 ||| Stepping ~*~*~tactically~*~*~ (stealth).
  1625 | D:2      | 1625 ||| FLEEEEING.
  1626 | D:2      | 1626 ||| FLEEEEING.
  1628 | D:2      | 1628 ||| FLEEEEING.
  1630 | D:2      | 1630 ||| Stepping ~*~*~tactically~*~*~ (hiding).
  1633 | D:2      | HP: 4/30 [Natasha/puff of flame (7)]
  1636 | D:2      | Killed Natasha
  1787 | D:2      | 1787 ||| UPGRADING to +0 plate armour.
  1797 | D:2      | 1797 ||| DROPPING +0 leather armour.
  1798 | D:2      | 1798 ||| UPGRADING to +0 pair of gloves.
  1803 | D:2      | 1803 ||| READING scroll labelled HOABLIMEBI.
  1804 | D:2      | 1804 ||| READING scroll labelled JUBODE CURA.
  1805 | D:2      | 1805 ||| READING scroll labelled GYTAMETSIT.
  1806 | D:2      | 1806 ||| DRINKING 2 fuming white potions.
  2016 | D:3      | Reached skill level 6 in Axes
  2123 | D:3      | Noticed Grinder
  2124 | D:3      | 2124 ||| Stepping ~*~*~tactically~*~*~ (hiding).
  2132 | D:3      | Killed Grinder
  2133 | D:3      | Reached XP level 6. HP: 35/35 MP: 10/10
  2244 | D:3      | 2244 ||| Stepping ~*~*~tactically~*~*~ (stealth).
  2251 | D:3      | Reached XP level 7. HP: 40/40 MP: 11/11
  2254 | D:3      | 2254 ||| DROPPING +0 flail.
  2370 | D:3      | Found an iron altar of Okawaru.
  2378 | D:3      | Became a worshipper of Warmaster Okawaru
  2769 | D:3      | 2769 ||| UPGRADING to ring of willpower.
  2770 | D:3      | 2770 ||| READING scroll labelled UFAOSO CURUIM.
  2775 | D:3      | 2775 ||| READING scroll labelled NEIWURPH SUDUPU.
  2776 | D:3      | 2776 ||| DRINKING 2 puce potions.
  2879 | D:4      | 2879 ||| Stepping ~*~*~tactically~*~*~ (stealth).
  2881 | D:4      | 2881 ||| Stepping ~*~*~tactically~*~*~ (hiding).
  2882 | D:4      | 2882 ||| Stepping ~*~*~tactically~*~*~ (hiding).
  2891 | D:4      | 2891 ||| Stepping ~*~*~tactically~*~*~ (hiding).
  3040 | D:4      | 3040 ||| Stepping ~*~*~tactically~*~*~ (stealth).
  3075 | D:4      | Reached skill level 7 in Axes
  3075 | D:4      | 3075 ||| FLEEEEING.
  3077 | D:4      | 3077 ||| FLEEEEING.
  3078 | D:4      | 3078 ||| FLEEEEING.
  3079 | D:4      | 3079 ||| FLEEEEING.
  3080 | D:4      | 3080 ||| FLEEEEING.
  3184 | D:4      | 3184 ||| Stepping ~*~*~tactically~*~*~ (stealth).
  3255 | D:4      | Reached skill level 3 in Fighting
  3301 | D:4      | 3301 ||| Stepping ~*~*~tactically~*~*~ (stealth).
  3320 | D:4      | Noticed Robin
  3321 | D:4      | 3321 ||| Stepping ~*~*~tactically~*~*~ (stealth).
  3323 | D:4      | 3323 ||| Stepping ~*~*~tactically~*~*~ (stealth).
  3324 | D:4      | 3324 ||| Stepping ~*~*~tactically~*~*~ (stealth).
  3326 | D:4      | 3326 ||| Stepping ~*~*~tactically~*~*~ (hiding).
  3334 | D:4      | Killed Robin
  3336 | D:4      | 3336 ||| Stepping ~*~*~tactically~*~*~ (stealth).
  3337 | D:4      | 3337 ||| Stepping ~*~*~tactically~*~*~ (stealth).
  3370 | D:4      | 3370 ||| Stepping ~*~*~tactically~*~*~ (stealth).
  3371 | D:4      | 3371 ||| Stepping ~*~*~tactically~*~*~ (stealth).
  3375 | D:4      | 3375 ||| Stepping ~*~*~tactically~*~*~ (stealth).
  3376 | D:4      | 3376 ||| Stepping ~*~*~tactically~*~*~ (stealth).
  3382 | D:4      | 3382 ||| Stepping ~*~*~tactically~*~*~ (stealth).
  3534 | D:4      | Found a burning altar of Makhleb.
  3534 | D:4      | Found a basalt altar of Yredelemnul.
  3625 | D:4      | 3625 ||| READING scroll labelled RIGOSSU BACA.
  3626 | D:4      | 3626 ||| READING scroll labelled MAAPU TAKUWE.
  3627 | D:4      | 3627 ||| DRINKING 2 amethyst potions.
  3628 | D:4      | 3628 ||| DRINKING 2 red potions.
  3629 | D:4      | 3629 ||| DROPPING potion of brilliance.
  3630 | D:4      | 3630 ||| Stepping randomly (stuck).
  3631 | D:4      | 3631 ||| Stepping ~*~*~tactically~*~*~ (cloud).
  3691 | D:5      | Entered Level 5 of the Dungeon
  3694 | D:5      | Reached * piety under Okawaru
  3695 | D:5      | 3695 ||| STAIRDANCE
  3801 | D:5      | 3801 ||| INVOKING Heroism.
  3857 | D:5      | Reached skill level 8 in Axes
  3857 | D:5      | Reached XP level 8. HP: 46/46 MP: 12/12
  3860 | D:5      | 3860 ||| Stepping ~*~*~tactically~*~*~ (stealth).
  3866 | D:5      | 3866 ||| Stepping ~*~*~tactically~*~*~ (stealth).
  3867 | D:5      | 3867 ||| Stepping ~*~*~tactically~*~*~ (stealth).
  3913 | D:5      | Found a hazy altar of Hepliaklqana.
  3914 | D:5      | Found a shimmering altar of Xom.
  3915 | D:5      | Noticed a spectral ugly thing
  3981 | D:5      | Reached skill level 1 in Invocations
  4220 | D:5      | 4220 ||| INVOKING Heroism.
  4247 | D:5      | 4247 ||| INVOKING Heroism.
  4253 | D:5      | Reached ** piety under Okawaru
  4254 | D:5      | Reached skill level 3 in Invocations
  4337 | D:5      | 4337 ||| Stepping ~*~*~tactically~*~*~ (stealth).
  4351 | D:5      | Reached skill level 9 in Axes
  4424 | D:5      | 4424 ||| DROPPING +2 flail of venom.
  4553 | D:5      | 4553 ||| DROPPING ring of wizardry.
  4554 | D:5      | 4554 ||| READING scroll labelled CUCSOJ PIL.
  4555 | D:5      | 4555 ||| DRINKING 2 pink potions.
  4716 | D:6      | Found a staircase to the Ecumenical Temple.
  4792 | D:6      | 4792 ||| Stepping ~*~*~tactically~*~*~ (hiding).
  4806 | D:6      | 4806 ||| Stepping ~*~*~tactically~*~*~ (hiding).
  4810 | D:6      | 4810 ||| INVOKING Heroism.
  4821 | D:6      | Reached XP level 9. HP: 46/52 MP: 10/13
  4929 | D:6      | 4929 ||| INVOKING Heroism.
  4987 | D:6      | 4987 ||| FLEEEEING.
  5167 | D:6      | 5167 ||| Stepping ~*~*~tactically~*~*~ (stealth).
  5168 | D:6      | 5168 ||| Stepping ~*~*~tactically~*~*~ (stealth).
  5203 | D:6      | 5203 ||| INVOKING Heroism.
  5293 | D:6      | Reached skill level 10 in Axes
  5326 | D:6      | Reached skill level 3 in Dodging
  5330 | D:6      | Found a runed translucent gate.
  5332 | D:6      | Found a runed translucent gate.
  5333 | D:6      | Found a runed translucent gate.
  5334 | D:6      | Noticed qw's ghost (novice TeWr)
  5334 | D:6      | Noticed qw's ghost (novice TeWr)
  5519 | D:6      | 5519 ||| UPGRADING to +6 ring of dexterity.
  5520 | D:6      | 5520 ||| READING scroll labelled KUSSA REAHATY.
  5521 | D:6      | 5521 ||| DRINKING 2 sapphire potions.
  5522 | D:6      | 5522 ||| READING 3 scrolls of identify.
  5522 | D:6      | 5522 ||| IDENTIFYING fizzy grey potion
  5523 | D:6      | 5523 ||| READING 2 scrolls of identify.
  5523 | D:6      | 5523 ||| IDENTIFYING cyan potion
  5524 | D:6      | 5524 ||| DROPPING potion of invisibility.
  5555 | D:7      | 5555 ||| Stepping ~*~*~tactically~*~*~ (stealth).
  5564 | D:7      | 5564 ||| Stepping ~*~*~tactically~*~*~ (stealth).
  5566 | D:7      | 5566 ||| Stepping ~*~*~tactically~*~*~ (stealth).
  5576 | D:7      | Noticed a seven-headed hydra
  5577 | D:7      | 5577 ||| Stepping ~*~*~tactically~*~*~ (stealth).
  5578 | D:7      | 5578 ||| Stepping ~*~*~tactically~*~*~ (stealth).
  5580 | D:7      | 5580 ||| Stepping ~*~*~tactically~*~*~ (stealth).
  5582 | D:7      | 5582 ||| Stepping ~*~*~tactically~*~*~ (stealth).
  5583 | D:7      | 5583 ||| Stepping ~*~*~tactically~*~*~ (hiding).
  5584 | D:7      | 5584 ||| INVOKING Heroism.
  5589 | D:7      | 5589 ||| Stepping ~*~*~tactically~*~*~ (hiding).
  5590 | D:7      | 5590 ||| SWAPPING to +1 hand axe of flaming.
  5595 | D:7      | HP: 6/54 [three-headed hydra (10)]
  5596 | D:7      | 5596 ||| READING 2 scrolls of teleportation.
  5596 | D:7      | HP: 1/54 [three-headed hydra (6)]
  5597 | D:7      | 5597 ||| DRINKING 2 potions of heal wounds.
  5598 | D:7      | 5598 ||| DRINKING potion of heal wounds.
  5601 | D:7      | 5601 ||| SWAPPING to +6 hand axe "Yvaff" {speed, rC+
                  | Dex+4}.
  5608 | D:7      | 5608 ||| INVOKING Heroism.
  5645 | D:7      | 5645 ||| INVOKING Heroism.
  5651 | D:7      | 5651 ||| SWAPPING to +1 hand axe of flaming.
  5655 | D:7      | Killed a one-headed hydra
  5655 | D:7      | Reached *** piety under Okawaru
  5656 | D:7      | Reached skill level 11 in Axes
  5656 | D:7      | 5656 ||| SWAPPING to +6 hand axe "Yvaff" {speed, rC+
                  | Dex+4}.
  5887 | D:7      | 5887 ||| INVOKING Heroism.
  5893 | D:7      | Reached XP level 10. HP: 59/59 MP: 11/14
  5954 | D:7      | 5954 ||| Stepping ~*~*~tactically~*~*~ (stealth).
  5955 | D:7      | 5955 ||| Stepping ~*~*~tactically~*~*~ (stealth).
  5957 | D:7      | 5957 ||| Stepping ~*~*~tactically~*~*~ (hiding).
  6215 | D:8      | Noticed a two-headed ogre
  6216 | D:8      | 6216 ||| INVOKING Heroism.
  6224 | D:8      | Killed a two-headed ogre
  6224 | D:8      | Reached **** piety under Okawaru
  6227 | D:8      | 6227 ||| Stepping ~*~*~tactically~*~*~ (stealth).
  6237 | D:8      | Reached skill level 12 in Axes
  6256 | D:8      | 6256 ||| Stepping ~*~*~tactically~*~*~ (stealth).
  6258 | D:8      | 6258 ||| Stepping ~*~*~tactically~*~*~ (stealth).
  6269 | D:8      | 6269 ||| Stepping ~*~*~tactically~*~*~ (stealth).
  6284 | D:8      | 6284 ||| INVOKING Heroism.
  6304 | D:8      | 6304 ||| Stepping ~*~*~tactically~*~*~ (stealth).
  6317 | D:8      | Reached ***** piety under Okawaru
  6323 | D:8      | Noticed Gastronok
  6324 | D:8      | 6324 ||| Stepping ~*~*~tactically~*~*~ (stealth).
  6328 | D:8      | 6328 ||| Stepping ~*~*~tactically~*~*~ (hiding).
  6329 | D:8      | 6329 ||| INVOKING Heroism.
  6344 | D:8      | Killed Gastronok
  6344 | D:8      | Received a gift from Okawaru
  6344 | D:8      | Received a gift from Okawaru
  6345 | D:8      | Reached skill level 6 in Armour
  6391 | D:8      | 6391 ||| Stepping ~*~*~tactically~*~*~ (stealth).
  6392 | D:8      | 6392 ||| Stepping ~*~*~tactically~*~*~ (stealth).
  6394 | D:8      | 6394 ||| INVOKING Heroism.
  6465 | D:8      | Found a staircase to the Lair.
  6466 | D:8      | 6466 ||| INVOKING Heroism.
  6542 | D:8      | 6542 ||| Stepping ~*~*~tactically~*~*~ (hiding).
  6543 | D:8      | 6543 ||| FLEEEEING.
  6544 | D:8      | 6544 ||| Stepping ~*~*~tactically~*~*~ (hiding).
  6545 | D:8      | 6545 ||| Stepping ~*~*~tactically~*~*~ (hiding).
  6548 | D:8      | 6548 ||| INVOKING Heroism.
  6552 | D:8      | Reached skill level 6 in Invocations
  6590 | D:8      | 6590 ||| FLEEEEING.
  6591 | D:8      | 6591 ||| STAIRDANCE
  6694 | D:7      | 6694 ||| READING 2 scrolls of identify.
  6694 | D:7      | 6694 ||| IDENTIFYING dark potion
  6695 | D:7      | 6695 ||| DROPPING potion of attraction.
  6698 | D:8      | 6698 ||| STAIRDANCE
  6704 | D:8      | 6704 ||| STAIRDANCE
  6711 | D:8      | 6711 ||| STAIRDANCE
  6730 | D:8      | 6730 ||| STAIRDANCE
  6845 | D:8      | 6845 ||| STAIRDANCE
  7070 | D:8      | 7070 ||| PLANNING LAIR
  7070 | D:8      | 7070 ||| READING 2 scrolls of identify.
  7070 | D:8      | 7070 ||| IDENTIFYING coppery potion
  7107 | Lair:1   | Entered Level 1 of the Lair of Beasts
  7108 | Lair:1   | 7108 ||| INVOKING Heroism.
  7116 | Lair:1   | Received a gift from Okawaru
  7117 | Lair:1   | Reached XP level 11. HP: 60/64 MP: 13/16
  7130 | Lair:1   | Reached skill level 6 in Fighting
  7168 | Lair:1   | 7168 ||| INVOKING Heroism.
  7255 | Lair:1   | 7255 ||| INVOKING Heroism.
  7257 | Lair:1   | Reached skill level 3 in Throwing
  7378 | Lair:1   | Identified the +3 buckler of True Grit {rPois Regen+ Str-4
                  | Int+2} (Okawaru gifted it to you on level 1 of the Lair of
                  | Beasts)
  7378 | Lair:1   | Received a gift from Okawaru
  7489 | Lair:1   | 7489 ||| Stepping ~*~*~tactically~*~*~ (stealth).
  7506 | Lair:1   | 7506 ||| Stepping ~*~*~tactically~*~*~ (stealth).
  7508 | Lair:1   | 7508 ||| Stepping ~*~*~tactically~*~*~ (stealth).
  7512 | Lair:1   | 7512 ||| Stepping ~*~*~tactically~*~*~ (stealth).
  7544 | Lair:1   | 7544 ||| Stepping ~*~*~tactically~*~*~ (stealth).
  7545 | Lair:1   | 7545 ||| INVOKING Heroism.
  7600 | Lair:1   | 7600 ||| Stepping ~*~*~tactically~*~*~ (stealth).
  7601 | Lair:1   | 7601 ||| INVOKING Heroism.
  7613 | Lair:1   | Reached skill level 13 in Axes
  7640 | Lair:1   | 7640 ||| Stepping ~*~*~tactically~*~*~ (stealth).
  7642 | Lair:1   | 7642 ||| Stepping ~*~*~tactically~*~*~ (stealth).
  7656 | Lair:1   | 7656 ||| INVOKING Heroism.
  7747 | Lair:1   | 7747 ||| Stepping ~*~*~tactically~*~*~ (stealth).
  8080 | Lair:1   | 8080 ||| UPGRADING to +3 buckler of True Grit {rPois Regen+
                  | Str-4 Int+2}.
  8085 | Lair:1   | 8085 ||| READING 2 scrolls of identify.
  8085 | Lair:1   | 8085 ||| IDENTIFYING bubbling amethyst potion
  8086 | Lair:1   | 8086 ||| DROPPING potion of ambrosia.
  8123 | Lair:2   | Reached skill level 9 in Invocations
  8194 | Lair:2   | Found a staircase to the Shoals.
  8208 | Lair:2   | Reached skill level 1 in Shields
  8208 | Lair:2   | Reached XP level 12. HP: 70/70 MP: 19/19
  8279 | Lair:2   | 8279 ||| Stepping ~*~*~tactically~*~*~ (stealth).
  8282 | Lair:2   | 8282 ||| INVOKING Heroism.
  8430 | Lair:2   | 8430 ||| DRINKING potion of cancellation.
  8494 | Lair:2   | Noticed a death yak
  8494 | Lair:2   | Noticed a death yak
  8494 | Lair:2   | Noticed a death yak
  8495 | Lair:2   | 8495 ||| INVOKING Heroism.
  8495 | Lair:2   | Noticed a death yak
  8496 | Lair:2   | 8496 ||| INVOKING Finesse.
  8496 | Lair:2   | Noticed a death yak
  8496 | Lair:2   | Noticed a death yak
  8497 | Lair:2   | 8497 ||| Stepping ~*~*~tactically~*~*~ (stealth).
  8503 | Lair:2   | Killed a death yak
  8504 | Lair:2   | Reached skill level 3 in Shields
  8530 | Lair:2   | Killed a death yak
  8548 | Lair:2   | HP: 12/70 [death yak (12)]
  8548 | Lair:2   | HP: 1/70 [death yak (11)]
  8549 | Lair:2   | 8549 ||| READING scroll of teleportation.
  8549 | Lair:2   | Mangled by a death yak

Levels and vault maps discovered:
D:1:      amcnicky_arrival_flooded_fountain, layout_loops_ring
D:2:      layout_basic, basic_ecumenical_altar, uniq_natasha
D:3:      layout_loops_ring, okawaru_ov_weapons_minmay, nicolae_grassy_gnolls,
          uniq_crazy_yiuf_cottage, uniq_grinder
D:4:      layout_loops_ring, gammafunk_temple_overflow_wave, uniq_robin
D:5:      minmay_clustersquares, layout_basic, regret_index_temple_of_mockery
D:6:      corexii_shantytown, layout_basic,
          minmay_temple_entry_drinking_statues, gammafunk_ghost_cemetery
D:7:      layout_cave_pools
D:8:      layout_rooms, grunt_lair_entry_orc_guard_hut, uniq_gastronok
Lair:1:   layout_small_grid, nicolae_quartered_pool_impasse, grunt_megastairs_5
Lair:2:   layout_loops_ring, minmay_shoals_entry_lonely_mermaid,
          grunt_forest_small_clearing_treed, lemuel_fruit_fields

Skill      XL: |  1  2  3  4  5  6  7  8  9 10 11 12 |
---------------+-------------------------------------+-----
Axes           | 3 4 5 6 8 9 11 12 13 | 13.5
Armour         | 5 6 7 |  7.0
Fighting       | 3 4 5 6 |  6.0
Invocations    | 4 6 9 |  9.6
Dodging        | 3 5 |  5.9
Throwing       | 2 3 |  3.0
Shields        | 1 3 |  3.6
Spellcasting   | |  2.0
Translocations | |  2.4

Action                   |  1- 3 |  4- 6 |  7- 9 | 10-12 || total
-------------------------+-------+-------+-------+-------++-------
Melee: Hand axe          |    68 |    59 |   315 |   388 ||   830
       Kick              |    17 |    15 |    84 |   162 ||   278
       Peck              |     6 |    13 |    60 |    83 ||   162
       Punch             |       |       |     8 |    10 ||    18
Throw: Boomerang         |     7 |       |    37 |    54 ||    98
       Javelin           |       |       |       |    17 ||    17
Invok: Heroism           |       |       |    10 |    14 ||    24
       Finesse           |       |       |       |     1 ||     1
  Use: Scroll            |     2 |     3 |     9 |     4 ||    18
       Potion            |     1 |     1 |     7 |     1 ||    10
Armor: Leather armour    |    12 |     5 |       |       ||    17
       Plate armour      |       |    17 |    76 |    78 ||   171
Dodge: Dodged            |    33 |    18 |    43 |    97 ||   191
Block: Buckler           |       |       |       |     9 ||     9

Table legend:
 A = Non-vault XP
 B = Vault XP
 C = Vault XP percentage of total XP
 D = Non-vault monster count
 E = Vault monster count
 F = Vault count percentage of total count
                 A         B        C        D         E       F
            +---------+---------+-------+---------+---------+-------
      Total |   17521 |    3697 |  17.4 |     245 |      61 |  19.9
            +---------+---------+-------+---------+---------+-------
        D:1 |      61 |       0 |   0.0 |      28 |       0 |   0.0
        D:2 |     106 |      35 |  24.8 |      15 |       1 |   6.2
        D:3 |      89 |     362 |  80.3 |      22 |       5 |  18.5
        D:4 |     416 |      28 |   6.3 |      24 |       8 |  25.0
        D:5 |     457 |     420 |  47.9 |      21 |       8 |  27.6
        D:6 |    1021 |      94 |   8.4 |      16 |      31 |  66.0
        D:7 |    1845 |       0 |   0.0 |      26 |       0 |   0.0
        D:8 |    2235 |    1968 |  46.8 |      41 |       6 |  12.8
     Lair:1 |    8319 |     292 |   3.4 |      43 |       1 |   2.3
     Lair:2 |    2972 |     498 |  14.4 |       9 |       1 |  10.0
            +---------+---------+-------+---------+---------+-------
